AoeStats
← FedericoPepe1

Arabia

508133026Analyzed
1v1 RM · 13d ago on Sep 21, 2026· 31m 36s· 2 players
Game mode
Random Map
Map size
Tiny (2 player)
Population
200
Speed
Normal
Resources
Standard
Victory
Conquest
Starting age
Dark Age
Ending age
Imperial Age
RankedLock teamsTeams togetherTeam positionsShared explorationLock speedFull tech treeHidden civsTurbo modeCheats
Victory
Defeat
🇦🇷 Romans · Argentina
534
+14
🇨🇳 Slavs · China
495
-14
silkia>v<
7:52 Loom
12:16 Feudal Age
13:02 Horse Collar
18:16 Wheelbarrow
18:48 Bloodlines
18:38 Double-Bit Axe
22:44 Castle Age
23:56 Fletching
24:19 Forging
23:49 Light Cavalry
24:30 Husbandry
24:38 Heavy Plow
24:50 Bow Saw
24:34 Gold Mining
24:35 Stone Mining
24:27 Crossbowman
25:09 Bodkin Arrow
25:14 Padded Archer Armor
25:52 Scale Mail Armor
31:51 Hand Cart
FedericoPepe1
10:17 Loom
12:03 Feudal Age
14:50 Double-Bit Axe
16:51 Horse Collar
18:12 Wheelbarrow
21:22 Castle Age
20:44 Scale Mail Armor
20:56 Forging
23:05 Husbandry
22:36 Pikeman
23:16 Squires
24:02 Bow Saw
27:04 Heavy Plow
Connection lost

Rejoining the realm…

Still unreachable

The connection could not be restored.

Session expired

The server has moved on; the page needs a fresh start.